 Dungeon Crawl Stone Soup version 0.19-a0-1127-gac58878 (webtiles) character file.

63 Ijustatesigmund the Skirmisher (level 3, 0/30 HPs)
             Began as a Demonspawn Fighter on Aug 12, 2016.
             Slain by Grinder (2 damage)
             ... on level 3 of the Dungeon.
             The game lasted 00:03:43 (1551 turns).

Ijustatesigmund the Skirmisher (Demonspawn Fighter) Turns: 1551, Time: 00:03:44

Health: 0/30       AC:  8    Str: 21    XL:     3   Next: 87%
Magic:  3/3        EV:  7    Int:  9    God:
Gold:   126        SH: 10    Dex: 13    Spells: 0 memorised, 2 levels left

rFire  . . .     SeeInvis .     p - +0 morningstar
rCold  . . .     Gourm    .     b - +0 scale mail
rNeg   . . .     Faith    .     c - +1 shield
rPois  .         Spirit   .     (no helmet)
rElec  .         Dismiss  .     (no cloak)
rCorr  .         Reflect  .     (no gloves)
SustAt .         Harm     .     (no boots)
MR     .....                    (no amulet)
Stlth  ..........               (no ring)
                                (no ring)

@: mighty, very slightly contaminated, invisible
A: iridescent scales 1, spiny 1
a: no special abilities


You were on level 3 of the Dungeon.
You were not hungry.

You visited 1 branch of the dungeon, and saw 3 of its levels.

You collected 126 gold pieces.

Inventory:

Hand Weapons
 p - a +0 morningstar (weapon)
Armour
 b - a +0 scale mail (worn)
 c - a +1 shield (worn)
Scrolls
 h - a scroll of magic mapping
Potions
 e - a potion of mutation
 i - a potion of lignification
 l - a potion of heal wounds {unknown}
 o - a potion of berserk rage {unknown}
Comestibles
 f - 3 bread rations
 g - a royal jelly
 j - 2 beef jerkies
 m - a slice of pizza


   Skills:
 + Level 3.7 Fighting
 * Level 3.2 Maces & Flails
 - Level 2.6 Armour
 - Level 2.6 Shields


You had 2 spell levels left.
You didn't know any spells.

Dungeon Overview and Level Annotations

Branches:
Dungeon (3/15)

Altars:

Annotations:
D:3 Grinder


Innate Abilities, Weirdness & Mutations

You are partially covered in iridescent scales. (AC +2)
You are partially covered in sharp spines.


Message History

Grinder is severely wounded.
You block Grinder's attack. Grinder hits you but does no damage.
You closely miss Grinder.
Grinder is severely wounded.
Grinder hits you.
* * * LOW HITPOINT WARNING * * *
You hit Grinder.
Grinder is severely wounded.
Grinder hits you but does no damage. Grinder hits you.
* * * LOW HITPOINT WARNING * * *
You writhe in agony.
* * * LOW HITPOINT WARNING * * *
It was a potion of curing.
You feel better. Grinder hits you.
You writhe in agony.
You closely miss Grinder.
Grinder is severely wounded.
Grinder is struck by your spines. Grinder hits you!
* * * LOW HITPOINT WARNING * * *
You writhe in agony.
You die...

#.. ##.## #...#
###...###
####.......##
#...........#
#.##......?.# ##
#.####5..##.#
..########†####.@.# #
#..<........)....##
..#.....##.#####.#
........##.#####...
#.#.......#..........
#.#.....##.#####.....8
#.########.# #....8.
#. #.# #.#.8._ #. #.#


You could see Grinder.

Vanquished Creatures
  2 oozes (D:1)
  3 dart slugs (D:1)
  2 giant geckos (D:2)
  An orc (D:3)
  A ball python (D:1)
  3 bats
  6 giant cockroaches
  4 goblins
  5 hobgoblins
  2 jackals (D:1)
  3 kobolds
  2 giant newts
  7 rats
41 creatures vanquished.

Vanquished Creatures (others)
  A rat (D:1)
1 creature vanquished.

Grand Total: 42 creatures vanquished

Notes
Turn   | Place    | Note
-------+----------+-------------------------------------------
     0 | D:1      | Ijustatesigmund the Demonspawn Fighter began the quest for the Orb.
     0 | D:1      | Reached XP level 1. HP: 18/18 MP: 1/1
   294 | D:1      | Gained mutation: You are partially covered in iridescent scales. (AC +2) [demonic ancestry]
   294 | D:1      | Reached XP level 2. HP: 17/24 MP: 2/2
   746 | D:1      | Gained mutation: You are partially covered in sharp spines. [demonic ancestry]
   746 | D:1      | Reached XP level 3. HP: 29/29 MP: 3/3
  1521 | D:3      | Found a faded altar of an unknown god.
  1523 | D:3      | Noticed Grinder
  1530 | D:3      | Paralysed by Grinder for 6 turns
  1551 | D:3      | Slain by Grinder

Vault maps used:
D:1:      dpeg_arrival_tiny_a, minmay_three_crescents
D:2:      first_bread
D:3:      kiku_gazebo_garden_becter, fedhas_altar_1, ecumenical_altar_2,
          uniq_natasha, uniq_grinder

Skill      XL: |  1  2  3 |
---------------+----------+-----
Maces & Flails | 2 3 |  3.2
Fighting       | |  3.7
Armour         | |  2.6
Shields        | |  2.6

Action                   || total
-------------------------++-------
Melee: Flail             ||   110
       Morningstar       ||    15
  Use: Scroll            ||    10
       Potion            ||     3
  Eat: Chunk             ||     2
Armor: Scale mail        ||    54
Dodge: Dodged            ||    37
Block: Shield            ||    65
